 Dungeon Crawl Stone Soup version 0.29-a0-1027-gcd8c55af63 (webtiles) character file.

Game seed: 13018381138731935571

67 2tc the Insei (level 4, -2/48 HPs)
             Began as a Djinni Transmuter on Aug 12, 2022.
             Was a Follower of Okawaru.
             Slain by a gnoll
             ... wielding a +2 halberd of freezing
              (6 damage)
             ... on level 2 of the Dungeon.
             The game lasted 00:03:45 (1971 turns).

2tc the Insei (Djinni Transmuter)                   Turns: 1971, Time: 00:03:45

Health: -2/48      AC: 22    Str: 11    XL:     4   Next: 40%
Gold:   79         EV:  2    Int: 15    God:    Okawaru [*.....] SH:  0 Dex: 13

rFire   . . .      SeeInvis .     - Unarmed
rCold   . . .      Faith    .   (no shield)
rNeg    . . .      Spirit   .   (body armour currently unavailable)
rPois   ∞          Reflect  .   (helmet currently unavailable)
rElec   .          Harm     .   (cloak currently unavailable)
rCorr   .          Rampage  .   (gloves currently unavailable)
Will    .....      NoTele   +   (boots unavailable)
Stlth   +.........              (no amulet)
HPRegen 0.16/turn               (no ring)
MPRegen 0.00/turn               (no ring)

@: tree-form (expiring)
A: stationary, stasis, torment immunity, boosted hp, sickness immunity, (fire
resistance 2), (cold vulnerability 1), float, innate caster, HP casting, extra
vitality 1
a: Renounce Religion, Heroism


You were on level 2 of the Dungeon.
You worshipped Okawaru.
Okawaru was aware of your devotion.
You were a tree.
You visited 1 branch of the dungeon, and saw 2 of its levels.

You collected 79 gold pieces.

Inventory:

Hand Weapons
 f - a +3 dagger
Armour
 a - a +0 robe (melded)
 c - a +0 leather armour
Potions
 g - a potion of attraction {unknown}


   Skills:
 - Level 1.0 Fighting
 - Level 2.1 Dodging
 + Level 4.9 Unarmed Combat
 - Level 1.5 Spellcasting


You couldn't memorise any spells.
You knew the following spells:

 Your Spells              Type           Power      Damage    Failure   Level
a - Beastly Appendage     Tmut           10%        N/A       12%         1
b - Wereblood             Tmut           5%         N/A       19%         2
c - Spider Form           Tmut/Pois      5%         N/A       36%         3
d - Ice Form              Ice/Tmut       5%         N/A       77%         4
e - Freeze                Ice            20%        1d4       12%         1
Your spell library was empty.

Dungeon Overview and Level Annotations

Branches:
Dungeon (2/15)

Altars:
Okawaru


Innate Abilities, Weirdness & Mutations

You are a tree.
Your roots penetrate the ground, keeping you stationary.
You cannot be teleported.
You are immune to unholy pain and torment.
Your maximum health is greatly increased.
Your equipment is partially melded.
You are immune to sickness and miasma.
You are immune to poison.
((Your flesh is very heat resistant. (rF++)))
((You are vulnerable to cold. (rC-)))
You float through the air rather than walking.
You learn spells naturally, not from books.
Your magical power is your life essence.
You have superior vitality. (+4 MHP)


Message History

Robin is heavily wounded.
The gnoll hits you but does no damage. The rat bites you but does no damage.
Robin hits you but does no damage.
You hit Robin.
Robin is almost dead.
The gnoll hits you but does no damage. The rat bites you but does no damage.
Robin says, "Bow before me, strongest of all the hobgoblins!"
Robin hits you but does no damage.
Press: ? - help, v - describe, . - travel, g - get item
Here: Robin, wielding a +2 whip of freezing, wearing a +0 animal skin and wearing a +0 helmet (almost dead)
Items here: )) †††.
The floor, spattered with blood.
Unknown command.
Unknown command.
You barely miss Robin.
Robin is almost dead.
Your transformation is almost over.
Robin hits you but does no damage. The gnoll barely misses you.
The rat twitches its whiskers.
The rat bites you but does no damage.
You smack Robin!
You kill Robin!
Okawaru accepts your kill.
You hit the rat.
The rat is heavily wounded.
The gnoll hits you but does no damage. The rat bites you but does no damage.
You smack the rat!
You kill the rat!
Okawaru accepts your kill.
The gnoll hits you from afar with a +2 halberd of freezing!
* * * LOW HITPOINT WARNING * * *
The gnoll freezes you.
* * * LOW HITPOINT WARNING * * *
You aren't carrying any items that you can evoke.
Unknown command.
You hit the rat.
You kill the rat!
Okawaru accepts your kill.
The gnoll hits you from afar with a +2 halberd of freezing.
You die...

#..#≈#.# #..###.###
#........# ####.#......#
#..).#......#
#.##.#......#
#.##........#
####.##........#########
.....##..>.....)♣)......
...#####......g######...
...# #.......##### ...#
#.......g...# ...#
..........g..g.g... ...#
.............##g... ####
.............# ...
............# .
..#.........#


You could see a gnoll.

Vanquished Creatures
  Robin (D:2)
  A gnoll (D:2)
  A dart slug (D:1)
  2 giant cockroaches (D:1)
  8 hobgoblins
  4 jackals (D:1)
  2 quokkas
  5 ball pythons (D:1)
  2 bats (D:1)
  9 goblins
  5 rats
40 creatures vanquished.

Vanquished Creatures (others)
  4 plants (D:2)
4 creatures vanquished.

Grand Total: 44 creatures vanquished

Notes
Turn   | Place    | Note
-------+----------+-------------------------------------------
     0 | D:1      | 2tc the Djinni Transmuter began the quest for the Orb.
     0 | D:1      | 2tc set off with the following spells memorised: Beastly
                  | Appendage, Wereblood, Spider Form, Ice Form.
     0 | D:1      | Reached XP level 1. HP: 17/17 MP: 0/0
   107 | D:1      | Found a faded altar of an unknown god.
   112 | D:1      | You are sucked into a shaft and drop 1 floor!
   370 | D:1      | Reached XP level 2. HP: 16/22 MP: 0/0
   867 | D:1      | Reached skill level 4 in Unarmed Combat
   867 | D:1      | Reached XP level 3. HP: 26/27 MP: 0/0
   867 | D:1      | Learned a level 1 spell: Freeze
  1578 | D:1      | Prayed at the altar of an unknown god.
  1578 | D:1      | Became a worshipper of Warmaster Okawaru
  1578 | D:1      | Reached * piety under Okawaru
  1925 | D:2      | Noticed Robin
  1958 | D:2      | Reached XP level 4. HP: 9/32 MP: 0/0
  1968 | D:2      | Killed Robin
  1971 | D:2      | Slain by a gnoll

Illustrated notes

Levels and vault maps discovered:
D:1:      giann_wishing_wells, layout_basic,
          shapermc_ecumenical_altar_starsandcircs, minmay_pentomino_t2
D:2:      layout_basic, serial_glass, glass_columns_a, glass_columns_a,
          feat_on_display, nicolae_grassy_gnolls, uniq_robin

Skill      XL: |  1  2 |
---------------+-------+-----
Unarmed Combat | 4 |  4.9
Fighting       | |  1.0
Dodging        | |  2.1
Spellcasting   | |  1.5

Action                   |  1- 3 |  4- 6 || total
-------------------------+-------+-------++-------
Melee: Unarmed           |    96 |    13 ||   109
       Headbutt          |     8 |       ||     8
       Punch             |     6 |       ||     6
 Cast: Beastly Appendage |     7 |       ||     7
Invok: Heroism           |     1 |       ||     1
  Use: Scroll            |     4 |       ||     4
       Potion            |     4 |     1 ||     5
 Stab: Sleeping          |     1 |       ||     1
Armor: Robe              |    21 |       ||    21
       Skin              |    17 |    24 ||    41
Dodge: Dodged            |    59 |     1 ||    60

Table legend: (Time is in decaauts)
 A = Elapsed time spent in this place.
 B = Non-inter-level travel time spent in this place.
 C = Inter-level travel time spent in this place.
 D = Time resting spent in this place.
 E = Time spent auto-exploring this place.
 F = Levels seen in this place.
 G = Mean time per level.
                   A        B        C        D        E       F      G
               +--------+--------+--------+--------+--------+-----+--------+
         Total |   1961 |   1762 |    199 |     14 |   1534 |   2 |  980.5 |
       Dungeon |   1961 |   1762 |    199 |     14 |   1534 |   2 |  980.5 |
               +--------+--------+--------+--------+--------+-----+--------+

Top non-repeatable levels by time:
     D:1: 1856 daAuts
     D:2: 105 daAuts
